 Dungeon Crawl Stone Soup version 0.25-b1-23-ge2ad7d536c (webtiles) character file.

Game seed: 1349816239405385973, levelgen mode: deterministic

28 diana the Shield-Bearer (level 2, -4/24 HPs)
             Began as a Demonspawn Fighter on June 3, 2020.
             Slain by Terence
             ... wielding a +0 mace
              (10 damage)
             ... on level 2 of the Dungeon.
             The game lasted 00:01:20 (1252 turns).

diana the Shield-Bearer (Demonspawn Fighter)        Turns: 1252, Time: 00:01:20

Health: -4/24      AC:  6    Str: 16    XL:     2   Next: 96%
Magic:  2/2        EV:  6    Int:  9    God:
Gold:   65         SH:  9    Dex: 12    Spells: 1/1 levels left

rFire    . . .     SeeInvis .   a - +0 long sword
rCold    . . .     Gourm    .   l - +0 kite shield (curse)
rNeg     . . .     Faith    .   b - +0 scale mail
rPois    .         Spirit   .   (helmet restricted)
rElec    .         Reflect  .   (no cloak)
rCorr    .         Harm     .   (no gloves)
MR       .....                  (no boots)
Stlth    ..........             (no amulet)
HPRegen  0.08/turn              (no ring)
MPRegen  0.08/turn              (no ring)

@: mighty
A: horns 1
a: no special abilities


You were on level 2 of the Dungeon.
You were not hungry.

You visited 1 branch of the dungeon, and saw 2 of its levels.

You collected 65 gold pieces.

Inventory:

Hand Weapons
 a - a +0 long sword (weapon)
Armour
 b - a +0 scale mail (worn)
 l - a cursed +0 kite shield (worn)
Scrolls
 c - a scroll of fear {unknown}
 e - 2 scrolls of identify {unknown}
 g - a scroll of enchant armour {unknown}
Potions
 h - a potion of degeneration {unknown}
 i - a potion of flight {unknown}
 j - 2 potions of haste {unknown}
 k - a potion of heal wounds {unknown}
Comestibles
 f - 2 rations


   Skills:
 - Level 3.0 Fighting
 + Level 2.1 Long Blades
 + Level 3.0 Armour
 * Level 3.3 Shields


You had one spell level left.
You didn't know any spells.
Your spell library was empty.

Dungeon Overview and Level Annotations

Branches:
Dungeon (2/15)

Altars:
Nemelex Xobeh

Annotations:
D:2 Natasha, Terence


Innate Abilities, Weirdness & Mutations

You have a pair of small horns on your head.


Message History

The magic dart hits you!
Things that are here:
a +0 club; 12 stones; a hobgoblin corpse Terence drinks a potion.
Terence goes berserk!
You see here a stone.
Natasha casts a spell.
You see here a stone.
Terence hits you with a +0 mace.
You see here a stone.
You see here a stone.
Terence rages.
You block Terence's attack.
You see here a stone.
You feel very mighty all of a sudden. Terence hits you with a +0 mace.
* * * LOW HITPOINT WARNING * * *
You slash Terence! You headbutt Terence, but do no damage.
Terence is heavily wounded.
Terence hits you with a +0 mace!
You die...

....#...# #.# #. ...#.#.#
#.# .# ....#.. #.# ######.#
#...#.# #.# #....#.#
#...#.# #.###.##.#.#
#...#.####.......<..#
#######...#.hg............#
#......)5((((@.#..........#
#......#######@#..........#
#......# #............#
#......# #............#
#......# #............#
#......# #............#
#....... #(...#.......#
###..... #....#.......#
#..... ..##....#.......#
.........[........#


You could see Terence (berserk), Natasha, a crimson imp (summoned) and a
hobgoblin.

Vanquished Creatures
  A dart slug (D:1)
  A leopard gecko (D:1)
  2 bats (D:1)
  A giant cockroach (D:1)
  6 goblins
  5 hobgoblins
  4 kobolds (D:1)
  2 frilled lizards (D:1)
22 creatures vanquished.

Notes
Turn   | Place    | Note
-------+----------+-------------------------------------------
     0 | D:1      | diana the Demonspawn Fighter began the quest for the Orb.
     0 | D:1      | Reached XP level 1. HP: 18/18 MP: 1/1
   312 | D:1      | Gained mutation: You have a pair of small horns on your
                  | head. [demonic ancestry]
   312 | D:1      | Reached XP level 2. HP: 24/24 MP: 2/2
   853 | D:1      | Found a sparkling altar of Nemelex Xobeh.
  1236 | D:2      | Noticed Terence
  1237 | D:2      | Noticed Natasha
  1247 | D:2      | Noticed a crimson imp
  1252 | D:2      | Slain by Terence

Illustrated notes

Levels and vault maps discovered:
D:1:      sevenhm_arrival_forest_fort_small_6, layout_basic,
          serial_co_window_serial, co_window_paths_a, co_window_corner_a,
          co_window_paths_b, co_window_corner_a, co_window_corner_a,
          co_window_corner_b, co_window_corner_b, co_window_corner_b,
          co_window_corner_ca, glass_columns_c, glass_columns_b,
          glass_columns_a, hex_medium, nemelex_xobeh_ov_fountains_minmay
D:2:      layout_basic, gammafunk_temple_overflow_wave, uniq_terence,
          uniq_natasha

Skill      XL: |  1  2 |
---------------+-------+-----
Shields        | 3 |  3.3
Long Blades    | 2 |  2.1
Armour         | 3 |  3.0
Fighting       | |  3.0

Action                   || total
-------------------------++-------
Melee: Long sword        ||    63
       Headbutt          ||    12
  Use: Potion            ||     1
  Eat: Chunk             ||     1
Armor: Scale mail        ||    34
Dodge: Dodged            ||    16
Block: Kite shield       ||    33
       Rpst.: Long sword ||     5
